 Dungeon Crawl Stone Soup version 0.28-a0-445-g51f8dfeb47 (webtiles) character file.

Game seed: 5668695004569579719

54 Morbidden the Gusty (level 3, -1/26 HPs)
             Began as a Demigod Air Elementalist on Sept 13, 2021.
             Succumbed to Robin's poison
             ... on level 1 of the Dungeon.
             The game lasted 00:02:03 (1905 turns).

Morbidden the Gusty (Demigod Air Elementalist)      Turns: 1905, Time: 00:02:04

Health: -1/26      AC:  2    Str:  9    XL:     3   Next: 44%
Magic:  1/9        EV: 12    Int: 21    God:
Gold:   72         SH:  0    Dex: 14    Spells: 3/6 levels left

rFire   . . .      SeeInvis .   a - +3 short sword
rCold   + . .      Faith    .   (no shield)
rNeg    . . .      Spirit   +   g - +0 robe
rPois   .          Reflect  .   (no helmet)
rElec   .          Harm     .   (no cloak)
rCorr   .          Rampage  .   (no gloves)
Will    .....                   (no boots)
Stlth   ++........              h - amulet of guardian spirit
HPRegen 0.08/turn               b - ring of protection from cold
MPRegen 0.11/turn               (no ring)

@: lethally poisoned (-1 -> -9)
A: high mp 1, forlorn
a: no special abilities


You were on level 1 of the Dungeon.
You visited 1 branch of the dungeon, and saw 2 of its levels.

You collected 72 gold pieces.

Inventory:

Hand Weapons
 a - a +3 short sword (weapon)
Armour
 g - a +0 robe (worn)
Jewellery
 b - a ring of protection from cold (left hand)
 h - an amulet of guardian spirit (around neck)
Scrolls
 d - 2 scrolls of blinking {unknown}
 e - 2 scrolls of identify {unknown}
 f - 3 scrolls of vulnerability {unknown}
 j - a scroll of enchant armour {unknown}
 k - 2 scrolls of noise {unknown}
Potions
 c - a potion of degeneration {unknown}
 i - a potion of haste {unknown}


   Skills:
 * Level 0.2 Fighting
 + Level 1.8 Dodging
 + Level 2.1 Stealth
 * Level 2.2 Spellcasting
 * Level 1.8 Conjurations
 * Level 3.2 Air Magic


You had 3 spell levels left.
You knew the following spells:

 Your Spells              Type           Power      Damage    Failure   Level
a - Shock                 Conj/Air       52%        1d6       4%          1
b - Static Discharge      Conj/Air       13%        N/A       8%          2

Your spell library contained the following spells:

 Spells                   Type           Power      Damage    Failure   Level
 Swiftness                Air            16%        N/A       11%         3
 Airstrike                Air            8%         N/A       36%         4


Dungeon Overview and Level Annotations

Branches:
Dungeon (2/15)


Innate Abilities, Weirdness & Mutations

Your attributes grow dramatically as you level up.
You have an increased reservoir of magic. (+10% MP)
You shall have no god before yourself.


Message History

The zap hits Robin.
Robin is severely wounded.
A goblin comes into view. It is wielding a +0 club.
Robin roars a battlecry!
The goblin goes into a battle-frenzy!
Casting: Shock (safe; 5% risk of failure)
Confirm with . or Enter, or press ? or * to list all spells.
Aiming: Shock (safe; 5% risk of failure)
Press: ? - help, Shift-Dir - straight line, f/p - Robin
Aim: Robin, wielding a +4 dagger of venom, wearing a +0 animal skin and wearing a +0 helmet (severely wounded, 77% to hit)
The zap hits Robin.
Robin is almost dead.
Robin hits you with a +4 dagger of venom.
You are poisoned.
Casting: Shock (safe; 5% risk of failure)
Confirm with . or Enter, or press ? or * to list all spells.
Aiming: Shock (safe; 5% risk of failure)
Press: ? - help, Shift-Dir - straight line, f/p - Robin
Aim: Robin, wielding a +4 dagger of venom, wearing a +0 animal skin and wearing a +0 helmet (almost dead, 77% to hit)
The zap hits Robin but does no damage.
Robin is almost dead.
You feel very sick.
Robin hits you with a +4 dagger of venom.
Unknown command.
Casting: Shock (safe; 5% risk of failure)
Confirm with . or Enter, or press ? or * to list all spells.
Aiming: Shock (safe; 5% risk of failure)
Press: ? - help, Shift-Dir - straight line, f/p - Robin
Aim: Robin, wielding a +4 dagger of venom, wearing a +0 animal skin and wearing a +0 helmet (almost dead, 77% to hit)
The zap hits Robin.
You kill Robin!
You feel very sick.
Unknown command.
Unknown command.
* * * LOW HITPOINT WARNING * * *
You feel very sick. The goblin hits you with a +0 club.
* * * LOW HITPOINT WARNING * * *
You climb upwards.
You die...

..## #...#
##.#....#.#.# #..#
#...# #.........#.#
...#
##########..########.#
##.#######..........#
#.#
##...............##.#
#.#
####.#####..........#
#.# # #.# #.....#.####
##.# # #.# #.....#.#
#..# ####.#
#......@#######.##
..##.#
#.....#..........#
.....#
#######..........#
..#### #..........#
..# #.#####....# ..#
#.# #....# ..# #.#
#....# ### #.# #....#
#.# #....#


There were no monsters in sight!

Vanquished Creatures
  Robin (D:2)
  A dart slug (D:1)
  4 ball pythons (D:1)
  2 endoplasms (D:1)
  2 giant cockroaches
  10 goblins
  2 hobgoblins (D:1)
  6 jackals
  A quokka (D:2)
  2 frilled lizards
  4 kobolds
  2 rats
37 creatures vanquished.

Notes
Turn   | Place    | Note
-------+----------+-------------------------------------------
     0 | D:1      | Morbidden the Demigod Air Elementalist began the quest for
                  | the Orb.
     0 | D:1      | Reached XP level 1. HP: 14/14 MP: 5/5
   305 | D:1      | Reached skill level 3 in Air Magic
   305 | D:1      | Reached XP level 2. HP: 20/20 MP: 4/7
   366 | D:1      | Reached skill level 1 in Conjurations
   703 | D:1      | Learned a level 2 spell: Static Discharge
  1799 | D:2      | Reached XP level 3. HP: 26/26 MP: 6/8
  1801 | D:2      | Noticed Robin
  1903 | D:2      | Killed Robin
  1905 | D:1      | Succumbed to Robin's poison

Illustrated notes

Levels and vault maps discovered:
D:1:      eino_arrival_water_star, layout_basic, minmay_misc_feat_diagonals
D:2:      layout_loops_corners, kennysheep_nub, st_stairs_8, uniq_robin

Skill      XL: |  1  2 |
---------------+-------+-----
Stealth        | 2 |  2.1
Air Magic      | 3 |  3.2
Conjurations   | 1 |  1.8
Spellcasting   | 2 |  2.2
Fighting       | |  0.2
Dodging        | |  1.8

Action                   || total
-------------------------++-------
Melee: Unarmed           ||     6
       Short sword       ||     7
 Cast: Shock             ||    76
Armor: Robe              ||     2
Dodge: Dodged            ||    14

Table legend: (Time is in decaauts)
 A = Elapsed time spent in this place.
 B = Non-inter-level travel time spent in this place.
 C = Inter-level travel time spent in this place.
 D = Time resting spent in this place.
 E = Time spent auto-exploring this place.
 F = Levels seen in this place.
 G = Mean time per level.
                   A        B        C        D        E       F      G
               +--------+--------+--------+--------+--------+-----+--------+
         Total |   1906 |   1888 |     18 |    252 |   1432 |   2 |  953.0 |
       Dungeon |   1906 |   1888 |     18 |    252 |   1432 |   2 |  953.0 |
               +--------+--------+--------+--------+--------+-----+--------+

Top non-repeatable levels by time:
     D:1: 1026 daAuts
     D:2: 879 daAuts
